 Dungeon Crawl Stone Soup version 0.29.1-2-gbd0b4ee654 (webtiles) character file.

Game seed: 225784678430855134

91 qeuew the Magician (level 4, -4/31 HPs)
             Began as a Djinni Conjurer on Nov 4, 2022.
             Slain by a hobgoblin (5 damage)
             ... led by Robin
             ... on level 3 of the Dungeon.
             The game lasted 00:06:02 (2975 turns).

qeuew the Magician (Djinni Conjurer)                Turns: 2975, Time: 00:06:02

Health: -4/31      AC:  3    Str:  6    XL:     4   Next: 88%
Gold:   103        EV: 12    Int: 19    God:
                   SH:  0    Dex: 14

rFire   + + .      SeeInvis +   (no weapon)
rCold   x . .      Faith    .   (no shield)
rNeg    + . .      Spirit   .   a - +1 robe
rPois   ∞          Reflect  .   (no helmet)
rElec   .          Harm     .   (no cloak)
rCorr   .          Rampage  .   (no gloves)
Will    .....                   (boots unavailable)
Stlth   ++........              (no amulet)
HPRegen 0.10/turn               c - ring of see invisible
MPRegen 0.00/turn               g - ring of positive energy

@: flying
A: sickness immunity, fire resistance 2, cold vulnerability 1, float, innate
caster, HP casting, extra vitality 1
a: no special abilities


You were on level 3 of the Dungeon.
You visited 1 branch of the dungeon, and saw 3 of its levels.

You collected 103 gold pieces.

Inventory:

Armour
 a - a +1 robe (worn)
Jewellery
 c - a ring of see invisible (left hand)
 g - a ring of positive energy (right hand)
Scrolls
 d - a scroll of teleportation
Potions
 f - a potion of brilliance
 i - a potion of haste


   Skills:
 * Level 1.0 Armour
 * Level 2.8 Dodging
 - Level 1.5 Stealth
 + Level 4.3 Spellcasting


You couldn't memorise any spells.
You knew the following spells:

 Your Spells              Type           Power      Damage    Failure   Level
a - Magic Dart            Conj           80%        1d7       2%          1
b - Searing Ray           Conj           40%        2d5       3%          2
c - Dazzling Flash        Conj/Hex       40%        N/A       7%          3
d - Fulminant Prism       Conj/Hex       10%        3d9       22%         4
e - Iskenderun's Mystic   Conj/Tloc      20%        2d6       22%         4
f - Sandblast             Erth           40%        2d10      2%          1
Your spell library was empty.

Dungeon Overview and Level Annotations

Branches:
Dungeon (3/15)

Altars:

Annotations:
D:3 Robin


Innate Abilities, Weirdness & Mutations

You are immune to sickness and miasma.
You are immune to poison.
Your flesh is very heat resistant. (rF++)
You are vulnerable to cold. (rC-)
You float through the air rather than walking.
You learn spells naturally, not from books.
Your magical power is your life essence.
You have superior vitality. (+4 MHP)


Message History

The goblins go into a battle-frenzy!
The hobgoblin closely misses you. The goblin hits you with a +0 dagger.
Robin attacks as you move away! Robin closely misses you.
The hobgoblin hits you.
A goblin comes into view. It is wielding a +0 dagger.
Things that are here:
a +0 dagger; a +0 dagger You hit Robin but do no damage.
Robin is moderately wounded.
The hobgoblin hits you. Robin throws the goblin at you!
The goblin hits you but does no damage.
You barely miss the goblin. Robin closely misses you. The hobgoblin hits you.
* * * LOW HITPOINT WARNING * * *
The goblin hits you with a +0 dagger.
* * * LOW HITPOINT WARNING * * *
You hit the goblin.
The goblin is heavily wounded.
The hobgoblin closely misses you. The goblin hits you but does no damage.
You are too injured to fight recklessly!
Aiming: Searing Ray (safe; 3% risk of failure)
Press: ? - help, Q - select action, (/) - cycle Shift-Dir - straight line, f/p - Robin
Aim: Robin, wielding a +0 dagger, wearing a +0 animal skin and wearing a +0 helmet (moderately wounded, 84% to hit)
The searing ray hits Robin.
Robin is moderately wounded. (Press . to maintain the ray.)
* * * LOW HITPOINT WARNING * * *
Robin roars a battlecry!
The goblin goes into a battle-frenzy!
The hobgoblin hits you.
* * * LOW HITPOINT WARNING * * *
The goblin barely misses you. The goblin hits you but does no damage.
Restarting spell: Searing Ray (safe; 3% risk of failure)
Press: ? - help, Q - select action, (/) - cycle Shift-Dir - straight line, f/p - Robin
Aim: Robin, wielding a +0 dagger, wearing a +0 animal skin and wearing a +0 helmet (moderately wounded, 84% to hit)
The searing ray hits Robin but does no damage.
Robin is moderately wounded. (Press . to maintain the ray.)
* * * LOW HITPOINT WARNING * * *
Robin misses you. The hobgoblin hits you.
You die...

##### ...##
######...######
...............


#ggg# ##@## #g# #.# #.# #.# #.# #.# #.# #.# .# You could see Robin, a hobgoblin
(strong) and 2 goblins.

Vanquished Creatures
  2 adders (D:2)
  A worm (D:3)
  2 dart slugs
  10 endoplasms
  A giant cockroach (D:2)
  6 hobgoblins
  10 jackals (D:1)
  5 kobolds
  3 quokkas
  7 ball pythons
  A bat (D:1)
  A frilled lizard (D:2)
  6 goblins
  5 rats
60 creatures vanquished.

Notes
Turn   | Place    | Note
-------+----------+-------------------------------------------
     0 | D:1      | qeuew the Djinni Conjurer began the quest for the Orb.
     0 | D:1      | qeuew set off with the following spells memorised: Magic
                  | Dart, Searing Ray, Dazzling Flash, Fulminant Prism,
                  | Iskenderun's Mystic Blast.
     0 | D:1      | Reached XP level 1. HP: 15/15 MP: 0/0
   297 | D:1      | Reached XP level 2. HP: 12/21 MP: 0/0
   826 | D:1      | Reached XP level 3. HP: 19/25 MP: 0/0
   826 | D:1      | Learned a level 1 spell: Sandblast
  1464 | D:1      | Found a faded altar of an unknown god.
  1942 | D:2      | Reached skill level 4 in Spellcasting
  1942 | D:2      | Reached XP level 4. HP: 28/31 MP: 0/0
  2962 | D:3      | Reached skill level 1 in Armour
  2963 | D:3      | Noticed Robin
  2975 | D:3      | Slain by a hobgoblin

Illustrated notes

Levels and vault maps discovered:
D:1:      kilobyte_arrival_exit_the_forest, layout_rooms,
          hellmonk_ecumenical_altar_arch_garden
D:2:      minmay_recursive_quarters, layout_basic
D:3:      layout_loops_ring, uniq_robin, uniq_terence

Skill      XL: |  1  2  3  4 |
---------------+-------------+-----
Spellcasting   | 4 |  4.3
Armour         | 1 |  1.0
Dodging        | |  2.8
Stealth        | |  1.5

Action                   |  1- 3 |  4- 6 || total
-------------------------+-------+-------++-------
Melee: Unarmed           |       |     4 ||     4
 Cast: Magic Dart        |    38 |       ||    38
       Searing Ray       |    20 |    22 ||    42
  Use: Scroll            |     4 |     3 ||     7
       Potion            |     1 |     1 ||     2
Armor: Robe              |     5 |     7 ||    12
Dodge: Dodged            |    27 |     6 ||    33
